 Dungeon Crawl Stone Soup version 0.30-a0-782-ge64f9170bb (webtiles) character file.

Game seed: 8500020627795168528

180 DeathSun the Ruffian (level 5, -11/40 HPs)
             Began as a Draconian Transmuter on Feb 20, 2023.
             Killed by divine providence
             ... invoked by an orc priest
              (12 damage)
             ... on level 4 of the Dungeon.
             The game lasted 00:04:45 (2705 turns).

DeathSun the Ruffian (Draconian Transmuter)         Turns: 2705, Time: 00:04:45

Health: -11/40     AC:  6    Str: 14    XL:     5   Next: 33%
Magic:  8/8        EV: 12    Int: 13    God:
Gold:   268        SH:  0    Dex: 12    Spells: 5/8 levels left

rFire   . . .      SeeInvis .      - Unarmed
rCold   . . .      Faith    .    (no shield)
rNeg    . . .      Spirit   .    (body armour unavailable)
rPois   .          Reflect  .    (helmet restricted)
rElec   .          Harm     .    n - +0 cloak
rCorr   .          Rampage  .    (no gloves)
Will    .....                    (no boots)
Stlth   +                        (no amulet)
HPRegen 0.26/turn                t - ring of flight
MPRegen 0.11/turn                (no ring)

@: flying
A: AC +5, unfitting armour, cold-blooded
a: no special abilities


You were on level 4 of the Dungeon.
You visited 1 branch of the dungeon, and saw 4 of its levels.

You collected 268 gold pieces.

Inventory:

Missiles
 q - 4 poisoned darts
Armour
 n - a +0 cloak (worn)
Jewellery
 t - a ring of flight (left hand)
Wands
 l - a wand of acid (22)
Scrolls
 b - a scroll of noise {unknown}
 c - 2 scrolls of enchant armour {unknown}
 g - 2 scrolls of identify {unknown}
 h - 2 scrolls of blinking {unknown}
 i - 2 scrolls of teleportation {unknown}
 k - a scroll of fear {unknown}
 r - a scroll of immolation {unknown}
Potions
 a - 3 potions of lignification
 d - a potion of brilliance {unknown}
 e - a potion of berserk rage {unknown}
 f - a potion of heal wounds {unknown}
 j - a potion of magic
 m - a potion of ambrosia {unknown}
 o - a potion of attraction {unknown}
 p - a potion of curing {unknown}
 s - a potion of degeneration {unknown}


   Skills:
 - Level 1.1 Fighting
 - Level 1.7 Dodging
 * Level 5.0 Unarmed Combat
 - Level 2.0 Spellcasting
 * Level 3.9 Transmutations


You had 5 spell levels left.
You knew the following spells:

 Your Spells              Type           Power      Damage    Failure   Level
a - Beastly Appendage     Tmut           22%        N/A       4%          1
b - Wereblood             Tmut           11%        N/A       8%          2

Your spell library contained the following spells:

 Spells                   Type           Power      Damage    Failure   Level
 Spider Form              Tmut/Pois      6%         N/A       34%         3
 Portal Projectile        Hex/Tloc       2%         N/A       58%         3
 Tukima's Dance           Hex            1%         N/A       58%         3
 Ice Form                 Ice/Tmut       6%         N/A       75%         4
 Blade Hands              Tmut           5%         N/A       80%         5


Dungeon Overview and Level Annotations

Branches:
Dungeon (4/15)
 Temple: D:4-7

Altars:
Elyvilon
Nemelex Xobeh

Shops:
D:3 :

Annotations:
D:3 2 transporters, TryHard88's ghost, weakling MiFi


Innate Abilities, Weirdness & Mutations

Your plain brown scales are hard. (AC +5)
You cannot fit into any form of body armour.
You are cold-blooded and may be slowed by cold attacks.


Message History

The hound barely misses you.
You hit the hound. You punch the hound, but do no damage.
The hound is almost dead.
The hound barely misses you.
The orc priest mumbles some strange prayers to Beogh against you.
Beogh smites you!
* * * LOW HITPOINT WARNING * * *
You closely miss the hound.
Your tail-slap misses the hound.
The hound is almost dead.
The hound bites you but does no damage.
The orc priest looks satisfied for a moment.
The hound closely misses you.
You closely miss the hound.
The hound is almost dead.
The hound bites you but does no damage.
You barely miss the hound.
The hound is almost dead.
The hound bites you but does no damage.
You closely miss the hound.
The hound is almost dead.
Your primal bloodlust has ended.
The hound bites you.
* * * LOW HITPOINT WARNING * * *
The orc curses repeatedly, as Orcs often do.
The hound bites you but does no damage.
You hit the hound.
The hound is almost dead.
The hound closely misses you. The hound bites you but does no damage.
The hound bites you but does no damage.
The orc priest invokes the aid of Beogh against you.
Beogh smites you!
* * * LOW HITPOINT WARNING * * *
You hit the hound.
You kill the hound!
Your Unarmed Combat skill increases to level 5!
It was a potion of magic.
Magic courses through your body. The orc misses you.
The orc priest mumbles some strange prayers to Beogh against you.
Beogh smites you!
You die...

........< .... .......#
... #.....## ..#
.......# #g# .......#
#)# .......# #.#
......## ###g###
†....#############.o...#
................@o.....#
...###...§..§§..##.....#
........≈§§§§≈§.##.....#
.......≈≈≈≈§§§§.##.#####
.####..§≈_.§..8.##.# ..#
#.§≈≈≈≈≈§§§.##.# ..#
#.§§§§≈§§≈§.##.# ..#
#......§.§.....# ..#
##########...##


You could see an orc priest, an orc and a goblin.

Vanquished Creatures
  A hound (D:4)
  An orc wizard (D:4)
  A gnoll (D:1)
  4 adders
  A white imp (D:3)
  An ufetubus (D:4)
  2 dart slugs (D:1)
  9 ball pythons
  8 bats
  11 endoplasms
  4 giant cockroaches
  2 goblins
  5 hobgoblins
  4 kobolds
  2 quokkas
  3 frilled lizards
  3 rats
62 creatures vanquished.

Notes
Turn   | Place    | Note
-------+----------+-------------------------------------------
     0 | D:1      | DeathSun the Draconian Transmuter began the quest for the
                  | Orb.
     0 | D:1      | Reached XP level 1. HP: 16/16 MP: 3/3
   105 | D:1      | Reached XP level 2. HP: 5/23 MP: 3/5
   528 | D:1      | Reached XP level 3. HP: 21/28 MP: 4/6
   635 | D:1      | Reached skill level 4 in Unarmed Combat
  1231 | D:2      | Learned a level 2 spell: Wereblood
  1603 | D:3      | Found a transporter.
  1606 | D:3      | Found a transporter.
  1607 | D:3      | Noticed TryHard88's ghost (weakling MiFi)
  1633 | D:3      | Found a sparkling altar of Nemelex Xobeh.
  1647 | D:3      | Reached XP level 4. HP: 27/35 MP: 3/7
  1780 | D:3      | Found Atomoff's Book Shop.
  2645 | D:4      | Found a white marble altar of Elyvilon.
  2686 | D:4      | Reached XP level 5. HP: 26/40 MP: 5/8
  2703 | D:4      | HP: 1/40 [orc priest/divine providence (10)]
  2705 | D:4      | Reached skill level 5 in Unarmed Combat
  2705 | D:4      | Killed from afar by an orc priest

Illustrated notes

Levels and vault maps discovered:
D:1:      minmay_arrival_widening_spiral_wide, layout_loops_ring
D:2:      layout_basic
D:3:      layout_rooms, amcnicky_altar_gilded, gammafunk_ghost_mausoleum,
          serial_rivers, chequers_serial_rivers_micro_c,
          chequers_serial_rivers_micro_e, chequers_serial_rivers_marsh,
          chequers_serial_rivers_large_a, chequers_serial_rivers_micro_c,
          chequers_serial_rivers_small_3, serial_shops, shop_fountains,
          minivault_5
D:4:      layout_rooms, mainiacjoe_overflow_catwalk, uniq_grinder

Skill      XL: |  1  2  3  4  5 |
---------------+----------------+-----
Unarmed Combat | 4 5 |  5.0
Transmutations | 3 |  3.9
Fighting       | |  1.1
Dodging        | |  1.7
Spellcasting   | |  2.0

Action                     |  1- 3 |  4- 6 || total
---------------------------+-------+-------++-------
  Melee: Unarmed           |    99 |    52 ||   151
         Kick              |    24 |     5 ||    29
         Tailslap          |     9 |    10 ||    19
         Headbutt          |    11 |     4 ||    15
         Punch             |       |     1 ||     1
   Cast: Beastly Appendage |    27 |    11 ||    38
         Wereblood         |     4 |     9 ||    13
    Use: Potion            |       |     1 ||     1
   Stab: Sleeping          |     1 |       ||     1
 Armour: Skin              |    48 |    29 ||    77
  Dodge: Dodged            |    72 |    31 ||   103

Table legend: (Time is in decaauts)
 A = Elapsed time spent in this place.
 B = Non-inter-level travel time spent in this place.
 C = Inter-level travel time spent in this place.
 D = Time resting spent in this place.
 E = Time spent auto-exploring this place.
 F = Levels seen in this place.
 G = Mean time per level.
                   A        B        C        D        E       F      G
               +--------+--------+--------+--------+--------+-----+--------+
         Total |   2714 |   2557 |    157 |      0 |   2044 |   4 |  678.5 |
       Dungeon |   2714 |   2557 |    157 |      0 |   2044 |   4 |  678.5 |
               +--------+--------+--------+--------+--------+-----+--------+

Top non-repeatable levels by time:
     D:1: 1107 daAuts
     D:3: 931 daAuts
     D:2: 470 daAuts
     D:4: 205 daAuts
